 Dungeon Crawl Stone Soup version 0.30-a0-956-gcec3b41aec (webtiles) character file.

Game seed: 13964883740500687517

2010075 Twinkles the Wrestler (level 27, 284/284 HPs)
             Began as a Troll Reaver on Mar 25, 2023.
             Was a High Priest of Wu Jian.
             Escaped with the Orb
             ... and 4 runes on Mar 29, 2023!
             The game lasted 10:42:04 (90773 turns).

Twinkles the Wrestler (Troll Reaver)               Turns: 90773, Time: 10:42:04

Health: 284/284    AC: 15    Str: 32    XL:     27
Magic:  21/21      EV: 22    Int: 17    God:    Wu Jian [*****.]
Gold:   6538       SH: 22    Dex: 10    Spells: 9/28 levels left

rFire   + + .      SeeInvis +      - Unarmed
rCold   + + +      Faith    .    s - +5 tower shield "Arghiwk" {rCorr Int+4}
rNeg    . . .      Spirit   +    W - +4 skin of Zhor {*Englaciate rC+++ SInv}
rPois   .          Reflect  .    t - +2 hat of the Lost Path {rC+ Regen+}
rElec   .          Rampage  .    a - +2 cloak {Will+}
rCorr   +                        (gloves unavailable)
Will    ++++.                    (boots unavailable)
Stlth   +                        x - amulet "Omurphuv" {Spirit Drain Regen+ SInv Stlth+}
HPRegen 3.07/turn                q - ring of the Hare {EV+10}
MPRegen 0.17/turn                m - ring "Juduilor" {rF++ rC+ rCorr}

@: studying Stealth
A: large, unfitting armour, claws 3, regeneration 1, shaggy fur 1, tough skin 1,
iridescent scales 1, low MP 1, strong-willed 1, passive freeze, devolution 1
0: Orb of Zot
}: 4/15 runes: serpentine, barnacled, slimy, silver
a: Renounce Religion, Wall Jump, Serpent's Lash, Heavenly Storm


You escaped.
You worshipped Wu Jian.
Wu Jian was extremely pleased with you.
You visited 12 branches of the dungeon, and saw 56 of its levels.
You visited 1 bazaar.
You also visited: Trove, Gauntlet and Desolation.

You collected 9774 gold pieces.
You spent 3236 gold pieces at shops.

Inventory:

Missiles
 c - 66 large rocks (quivered)
 f - 30 silver javelins
 u - 3 throwing nets
 w - 7 curare-tipped darts
Armour
 a - a +2 cloak of willpower (worn)
 s - the +5 tower shield "Arghiwk" (worn) {rCorr Int+4}
   (You took it off Louise on level 2 of the Shoals)

   Int:       It affects your intelligence (+4).
   rCorr:     It protects you from acid and corrosion.
 t - the +2 hat of the Lost Path (worn) {rC+ Regen+}
   (You found it on level 2 of the Depths)

   rC:        It protects you from cold.
   Regen:     It increases your rate of health regeneration.
 W - the +4 skin of Zhor (worn) {*Englaciate rC+++ SInv}
   (You bought it in a shop on level 2 of the Orcish Mines)

   *Englaciate: It radiates cold, occasionally slowing all nearby creatures who
   are not resistant to cold.
   rC:        It renders you almost immune to cold.
   SInv:      It lets you see invisible.
Magical Staves
 b - the staff of earth "Dijof" {Str+2 Int+3}
   (You found it on level 3 of the Elven Halls)

   [staff of earth]

   Base accuracy: +5 Base damage: 5 Base attack delay: 1.2 This weapon's minimum
   attack delay (0.6) is reached at skill level 12.
   Str:       It affects your strength (+2).
   Int:       It affects your intelligence (+3).
   It falls into the 'Staves' category.
   It is a one-clawed weapon.
Jewellery
 i - the ring of Zerhix {rC+ rN+ Int+2 Slay+2 Stlth+}
   (You found it on level 5 of the Vaults)

   [ring of positive energy]

   Int:       It affects your intelligence (+2).
   Slay:      It affects your accuracy & damage with ranged weapons and melee
   (+2).
   rC:        It protects you from cold.
   rN:        It protects you from negative energy.
   Stlth:     It makes you more stealthy.
 k - the ring of Existentialism {rN+ Str+6}
   (You found it on level 3 of the Crypt)

   [ring of positive energy]

   Str:       It affects your strength (+6).
   rN:        It protects you from negative energy.
 m - the ring "Juduilor" (right claw) {rF++ rC+ rCorr}
   (You found it on level 5 of the Pits of Slime)

   [ring of protection from cold]

   rF:        It greatly protects you from fire.
   rC:        It protects you from cold.
   rCorr:     It protects you from acid and corrosion.
 n - the ring of the Mage {Wiz Archmagi}
   (You took it off a deep elf pyromancer on level 7 of the Dungeon)

   [ring of wizardry]

   It improves your spell success rate.
   Archmagi:  It increases the power of your magical spells.
 o - the amulet "Amaasuph" {Acrobat Dex+4}
   (You found it on level 5 of the Pits of Slime)

   [amulet of the acrobat]

   It increases your evasion while moving and waiting.
   Dex:       It affects your dexterity (+4).
 q - the ring of the Hare (left claw) {EV+10}
   (You found it on level 5 of the Pits of Slime)

   [ring of evasion]

   EV:        It affects your evasion (+10).
 r - a ring of willpower
 x - the amulet "Omurphuv" (around neck) {Spirit Drain Regen+ SInv Stlth+}
   (You found it in the Desolation of Salt)

   [amulet of guardian spirit]

   It causes incoming damage to be divided between your reserves of health and
   magic.
   SInv:      It lets you see invisible.
   Regen:     It increases your rate of health regeneration.
   Drain:     It drains your maximum health when unequipped.
   Stlth:     It makes you more stealthy.
 z - the ring "Urchoet" {Fire rElec Int+3 Slay-2}
   (You found it in the Desolation of Salt)

   [ring of fire]

   It enhances your fire magic.
   Int:       It affects your intelligence (+3).
   Slay:      It affects your accuracy & damage with ranged weapons and melee
   (-2).
   rF:        It protects you from fire.
   rC:        It makes you vulnerable to cold.
   rElec:     It insulates you from electricity.
 X - a +5 ring of evasion
Wands
 d - a wand of digging (4)
 h - a wand of quicksilver (22)
 j - a wand of polymorph (12)
 p - a wand of paralysis (36)
 v - a wand of roots (34)
 y - a wand of mindburst (35)
Scrolls
 e - 3 scrolls of torment
 D - 5 scrolls of blinking
 E - 11 scrolls of fear
 F - 6 scrolls of fog
 K - 8 scrolls of immolation
 O - 7 scrolls of silence
 S - a scroll of summoning
 V - 14 scrolls of vulnerability
 Y - 18 scrolls of teleportation
 Z - 9 scrolls of poison
Potions
 A - 5 potions of attraction
 B - 8 potions of brilliance
 C - 3 potions of cancellation
 G - 10 potions of ambrosia
 H - 9 potions of haste
 I - 5 potions of invisibility
 J - 28 potions of curing
 L - 6 potions of flight
 M - 11 potions of might
 N - 6 potions of heal wounds
 P - 12 potions of lignification
 Q - 4 potions of magic
 R - 6 potions of resistance
 T - 9 potions of berserk rage
 U - 6 potions of mutation
Miscellaneous
 g - a tin of tremorstones (2/2)
 l - a condenser vane


   Skills:
 + Level 18.6 Fighting
 + Level 17.3 Throwing
 - Level 4.9 Armour
 + Level 12.7 Dodging
 - Level 14.3 Shields
 - Level 24.2 Unarmed Combat
 - Level 1.2 Spellcasting
 - Level 2.1 Conjurations
 - Level 5.0 Translocations
 + Level 15.5 Transmutations
 + Level 18.2 Earth Magic


You had 9 spell levels left.
You knew the following spells:

 Your Spells              Type           Power      Damage    Failure   Level
a - Blink                 Tloc           36%        N/A       12%         2
b - Kiss of Death         Conj/Necr      16%        2d6       36%         1
c - Wereblood             Tmut           52%        N/A       1%          2
d - Apportation           Tloc           36%        N/A       8%          1
e - Mephitic Cloud        Conj/Pois/Air  3%         N/A       78%         3
f - Passwall              Tmut/Erth      45%        N/A       1%          2
g - Lesser Beckoning      Tloc           36%        N/A       12%         2
s - Statue Form           Tmut/Erth      36%        N/A       9%          6

Your spell library contained the following spells:

 Spells                   Type           Power      Damage    Failure   Level
 Beastly Appendage        Tmut           100%       N/A       1%          1
 Sandblast                Erth           100%       2d20      1%          1
 Petrify                  Tmut/Erth      55%        N/A       1%          4
 Lee's Rapid Deconstruct  Erth           29%        3d15*     1%          5
 Sting                    Tmut/Pois      100%       1d8       2%          1
 Stone Arrow              Conj/Erth      70%        3d11      2%          3
 Blade Hands              Tmut           26%        N/A       2%          5
 Spider Form              Tmut/Pois      27%        N/A       7%          3
 Leda's Liquefaction      Hex/Erth       16%        N/A       14%         4
 Momentum Strike          Conj/Tloc      26%        3d8       21%         2
 Gell's Gravitas          Tloc           18%        N/A       22%         3
 Teleport Other           Tloc           18%        N/A       22%         3
 Magic Dart               Conj           32%        1d4       24%         1
 Ice Form                 Ice/Tmut       27%        N/A       24%         4
 Searing Ray              Conj           16%        2d5       34%         2
 Foxfire                  Conj/Fire      16%        2x1d2     36%         1
 Shock                    Conj/Air       16%        1d4       36%         1
 Borgnjor's Vile Clutch   Necr/Erth      16%        N/A       36%         5
 Irradiate                Conj/Tmut      15%        3d16      38%         5
 Static Discharge         Conj/Air       8%         2-3/arc   50%         2
 Freeze                   Ice            4%         1d3       52%         1
 Necrotise                Necr           4%         1d4       52%         1
 Slow                     Hex            4%         N/A       52%         1
 Portal Projectile        Hex/Tloc       18%        N/A       54%         3
 Vhi's Electric Charge    Tloc/Air       18%        N/A       54%         3
 Alistair's Intoxication  Tmut/Pois      18%        N/A       54%         5
 Yara's Violent Unravell  Hex/Tmut       13%        3d7       54%         5
 Manifold Assault         Tloc           18%        N/A       58%         4
 Passage of Golubria      Tloc           18%        N/A       58%         4
 Call Imp                 Summ           1%         N/A       65%         2
 Cigotuvi's Dreadful Rot  Necr/Pois/Air  2%         N/A       65%         2
 Ensorcelled Hibernation  Hex/Ice        2%         N/A       65%         2
 Poisonous Vapours        Pois/Air       2%         N/A       65%         2
 Scorch                   Fire           2%         2d5       65%         2
 Sublimation of Blood     Necr           1%         N/A       65%         2
 Kindle Blastsparks       Fire/Tloc/Air  12%        2d11      65%         3
 Dazzling Flash           Conj/Hex       8%         N/A       75%         3
 Hailstorm                Conj/Ice       4%         3d4       75%         3
 Call Canine Familiar     Summ           1%         N/A       87%         3
 Confusing Touch          Hex            1%         N/A       87%         3
 Frozen Ramparts          Ice            2%         1d1       87%         3
 Inner Flame              Hex/Fire       1%         N/A       87%         3
 Swiftness                Air            1%         N/A       87%         3
 Tukima's Dance           Hex            1%         N/A       87%         3
 Vampiric Draining        Necr           1%         2d6       87%         3
 Flame Wave               Conj/Fire      4%         2d5       98%         4
 Fulminant Prism          Conj/Hex       2%         3d5       98%         4
 Eringya's Noxious Bog    Tmut/Pois      13%        N/A       98%         6
 Airstrike                Air            0%         2d(1-17)  99%         4
 Anguish                  Hex/Necr       0%         N/A       99%         4
 Animate Dead             Necr           1%         N/A       99%         4
 Dispel Undead            Necr           1%         3d6       99%         4
 Olgreb's Toxic Radiance  Pois           1%         N/A       99%         4
 Summon Ice Beast         Ice/Summ       1%         N/A       99%         4
 Summon Lightning Spire   Summ/Air       1%         N/A       99%         4
 Summon Forest            Summ/Tloc      4%         N/A       99%         5
 Agony                    Necr           1%         N/A       100%        5
 Arcjolt                  Conj/Air       2%         1d12      100%        5
 Fireball                 Conj/Fire      2%         3d4       100%        5
 Iskenderun's Battlesphe  Conj           8%         2d6       100%        5
 Metabolic Englaciation   Hex/Ice        0%         N/A       100%        5
 Plasma Beam              Fire/Air       0%         2x1d7     100%        5
 Silence                  Hex/Air        0%         N/A       100%        5
 Summon Mana Viper        Hex/Summ       1%         N/A       100%        5
 Conjure Ball Lightning   Conj/Air       2%         3x3d6     100%        6
 Death Channel            Necr           0%         N/A       100%        6
 Dispersal                Tloc           9%         N/A       100%        6
 Summon Cactus Giant      Summ           0%         N/A       100%        6
 Enfeeble                 Hex            0%         N/A       100%        7
 Haunt                    Necr/Summ      0%         N/A       100%        7
 Malign Gateway           Summ/Tloc      4%         N/A       100%        7
 Orb of Destruction       Conj           4%         9d5       100%        7
 Spellforged Servitor     Conj/Summ      2%         N/A       100%        7
 Storm Form               Tmut/Air       13%        N/A       100%        7
 Summon Hydra             Summ           0%         N/A       100%        7
 Discord                  Hex            0%         N/A       100%        8
 Disjunction              Tloc           9%         N/A       100%        8
 Infestation              Necr           0%         N/A       100%        8
 Lehudib's Crystal Spear  Conj/Erth      17%        10d5      100%        8
 Summon Horrible Things   Summ           0%         N/A       100%        8
 Chain Lightning          Conj/Air       2%         3d2       100%        9
 Dragon's Call            Summ           0%         N/A       100%        9
 Fire Storm               Conj/Fire      2%         8d1       100%        9
 Shatter                  Erth           29%        3d24*     100%        9


Dungeon Overview and Level Annotations

Branches:
Dungeon (15/15)            Temple (1/1) D:4            Lair (5/5) D:9
 Shoals (4/4) Lair:2        Snake (4/4) Lair:2        Slime (5/5) Lair:5
    Orc (2/2) D:9             Elf (3/3) Orc:2        Vaults (5/5) D:13
  Crypt (3/3) Vaults:2       Tomb (0/3) Crypt:3      Depths (4/4) D:15
    Zot (5/5) Depths:4    Desolation (visited)      Gauntlet (visited)

Altars:
Ashenzari
Cheibriados
Dithmenos
Elyvilon
Fedhas
Gozag
Hepliaklqana
Kikubaaqudgha
Makhleb
Nemelex Xobeh
Okawaru
Qazlal
Ru
Sif Muna
Trog
Uskayaw
Vehumet
Wu Jian
Xom
Yredelemnul
Zin
The Shining One
Jiyva

Shops:
D:13 **   Orc:2 *(:[?   Elf:2 *   Snake:4 ?   Vaults:5 [   Zot:1 *
Depths:3 =::

Portals:
Hell: Depths:1 Depths:2 Depths:3 Depths:4
Abyss: Depths:2 Depths:3
Pandemonium: Depths:2
Ziggurat: Depths:2

Annotations:
Shoals:3 Mlioglotl
Crypt:3 Neiqej's ghost, legendary FoFi; Zogul's ghost, veteran MiGl
Zot:1 2 transporters


Innate Abilities, Weirdness & Mutations

You are too large for most types of armour.
You have claws for hands.
Your natural rate of healing is unusually fast.
You are covered in fur. (AC +1)
You have tough skin. (AC +1)
You are partially covered in iridescent scales. (AC +2)
Your magical capacity is low. (-10% MP)
You are strong-willed. (Will+)
A frigid envelope surrounds you and freezes all who hurt you.
You have hidden genetic defects.


Message History

You see here a +0 mace.
You see here a +0 spear.
Things that are here:
a +0 leather armour; a +0 whip
There is a stone staircase leading up, spattered with blood here.
You climb upwards.
There is a stone staircase leading down, spattered with blood here.
There is a stone staircase leading up, spattered with blood here.
You climb upwards.
There is a stone staircase leading down, spattered with blood here.
There is a stone staircase leading up, spattered with blood here.
You climb upwards.
There is a stone staircase leading down here.
Magic restored.
There is an escape hatch in the ceiling, spattered with blood here.
Things that are here:
+0 steam dragon scales; a +1 war axe of distortion A mysterious force pulls you upwards.
The hatch slams shut behind you.
Your extra speed is starting to run out.
You feel yourself slow down.
There is a stone staircase leading up here.
You climb upwards.
There is a stone staircase leading down here.
There is an escape hatch in the ceiling here.
A mysterious force pulls you upwards. The hatch slams shut behind you.
There is a stone staircase leading up here.
You climb upwards.
There is a stone staircase leading down here.
Things that are here:
a +0 dagger; a +0 club; a +0 club You see here a +0 dagger.
You see here a +0 club.
Items here: ))) [[.
There is a stone staircase leading up here.
You climb upwards.
There is a stone staircase leading down here.
There is an open door here.
There is a staircase leading out of the dungeon here.
Unknown command.
You have escaped!

#.# #..#####.# #.# #. #.#
#........# #.# #. #.# #..#######
#.######. #.#####..# #.##.....
#.......########## #.##.....
######.###.......###........ #.#
#........'...###### #.#
#.......####.# #.###.@.###># #.#
###########.#.#.......####.######
#...........[.#........+........#
...##########.#.......####.####.#
....# ##############.####.#
....## ##.## #...........
#....#### ##...## ##.###.######
#.......####.....## #..# #.######
##...#.#.##.......# #.## #.......


There were no monsters in sight!

Vanquished Creatures
  the Royal Jelly (Slime:5)
  3 dread liches
  4 ancient liches
  5 orbs of fire
  Mennas (Vaults:4)
  3 juggernauts
  Vv (Depths:2)
  Saint Roka (Elf:2)
  5 Killer Klowns (Zot:5)
  Frederick (Vaults:4)
  5 curse toes
  2 caustic shrikes (Depths:3)
  The ghost of Dedet the Slayer, a veteran GrRe of Okawaru (Depths:1)
  8 golden dragons
  5 electric golems
  6 quicksilver dragons
  14 tentacled monstrosities
  Jorgrun (Orc:1)
  27 Orb Guardians
  5 liches
  2 walking earthen tomes (Depths:3)
  5 titans (Vaults:5)
  3 deep elf blademasters (Elf:2)
  14 acid blobs
  2 deep elf master archers (Elf:3)
  9 sphinxes
  7 death cobs
  3 ancient champions
  Agnes (Snake:1)
  A kraken (Shoals:2)
  Gastronok (Lair:1)
  The ghost of bmack86 the Warrior, an adept MiFi of Okawaru (Elf:2)
  15 shadow dragons
  7 draconian monks
  16 storm dragons
  13 azure jellies
  6 tengu reavers
  16 rockslimes
  5 revenants
  Donald (Vaults:4)
  11 nagarajas (Snake:4)
  5 draconian knights
  A balrug (Depths:2)
  8 fire giants
  9 vault wardens
  2 imperial myrmidons (Desolation)
  10 frost giants
  3 deep elf sorcerers
  Aizul (Shoals:3)
  3 ghost moths
  5 iron dragons
  4 curse skulls
  5 draconian scorchers
  11 ghouls
  23 ironbound preservers
  9 draconian annihilators
  A quicksilver ooze (shapeshifter) (Vaults:5)
  A reaper (Crypt:2)
  12 draconian shifters
  A draconian stormcaller (Zot:1)
  6 deep elf elementalists
  4 spriggan defenders
  11 stone giants
  25 very ugly things
  4 quicksilver oozes
  4 war gargoyles
  9 ironbound thunderhulks
  A juggernaut skeleton (Crypt:3)
  6 white draconians
  6 deep elf demonologists
  12 green draconians
  10 black draconians
  9 red draconians
  6 yellow draconians
  The ghost of Kapsuk the Devastator, a journeyman DECj of Sif Muna (D:14)
  13 purple draconians
  A minotaur (Gauntlet)
  3 dire elephants (Vaults:1)
  Azrael (D:15)
  A spark wasp (Depths:1)
  2 halazid warlocks (Desolation)
  2 pale draconians (Depths:4)
  4 deep elf annihilators
  Snorg (Orc:1)
  12 ettins
  An acid blob zombie (Crypt:3)
  The ghost of Nabski the Scorcher, a journeyman TeFE of Hepliaklqana (Lair:5)
  2 eidola
  9 fire dragons
  Josephine (D:15)
  10 deep elf high priests
  5 merfolk javelineers (Shoals:4)
  4 crystal guardians
  7 jiangshi
  16 merfolk impalers
  8 deep elf death magi
  A mummy priest (Crypt:3)
  A spectral spriggan (Crypt:3)
  2 servants of whispers (Desolation)
  4 ragged hierophants (Desolation)
  10 yaktaur captains
  2 rakshasas
  5 entropy weavers
  Erolcha (D:10)
  4 ice dragons
  9 hydras
  7 spriggan air magi
  8 ogre magi
  7 great orbs of eyes
  A hell beast (Depths:2)
  12 peacekeepers
  28 centaur warriors
  30 vault guards
  Erica (D:9)
  2 catoblepae
  11 two-headed ogres
  2 salamander tyrants (Snake:4)
  9 anacondas
  2 fenstrider witch skeletons
  2 alligator snapping turtles
  A death knight (D:15)
  7 ironbound frosthearts
  3 merfolk avatars
  3 merfolk aquamancers (Shoals:4)
  6 boulder beetles
  27 dancing weapons
  A satyr (Shoals:4)
  20 naga warriors
  10 vampire magi
  4 deep troll shamans
  4 deep troll earth magi
  A quicksilver ooze zombie (Crypt:3)
  5 death yaks
  8 shock serpents
  9 tengu warriors
  9 naga sharpshooters
  A spectral storm dragon (Crypt:3)
  An orc high priest (Orc:2)
  2 spriggan berserkers
  2 soul eaters
  Urug (D:10)
  16 deep elf knights
  10 hell knights
  An emperor scorpion zombie (Crypt:1)
  5 salamander mystics
  15 shadow wraiths (Crypt:3)
  28 skeletal warriors
  Amaemon (Lair:3)
  A quicksilver dragon simulacrum (Depths:2)
  7 skysharks
  81 deep trolls
  A death drake (shapeshifter) (Elf:2)
  8 sea snakes
  A deep elf archer (Elf:2)
  A bog body (Crypt:2)
  A spark wasp zombie (Crypt:2)
  A glowing orange brain (shapeshifter) (Vaults:5)
  7 glowing orange brains
  3 iron trolls
  9 flayed ghosts
  A spectral anaconda (Crypt:3)
  An obsidian statue (Zot:5)
  A bunyip skeleton (Crypt:3)
  5 naga ritualists
  21 phantasmal warriors
  6 wizards
  9 harpies
  12 lindwurms
  25 deep elf zephyrmancers
  2 wolf spiders
  21 ironbound convokers
  5 necromancers
  5 orc knights
  A shining eye (shapeshifter) (Depths:3)
  31 deep elf pyromancers
  9 mana vipers
  A shadow dragon zombie (Crypt:1)
  4 shining eyes
  A frost giant zombie (Crypt:3)
  34 ugly things
  A shadow dragon skeleton (Crypt:1)
  7 cyclopes
  9 orc sorcerers
  An eleionoma zombie (Crypt:3)
  5 fauns (Shoals:2)
  A mana viper (shapeshifter) (Elf:3)
  7 merfolk sirens
  8 salamanders
  11 manticores
  7 elephants
  An oklob plant (Lair:3)
  A salamander (shapeshifter) (Elf:2)
  20 moths of wrath
  11 guardian serpents
  Maurice (D:8)
  12 naga magi
  A rust devil (Depths:3)
  An orange demon (Lair:3)
  8 water nymphs
  6 molten gargoyles
  37 black mambas
  7 cane toads
  13 vault sentinels
  A death yak zombie (Crypt:2)
  8 gargoyles
  An unseen horror (shapeshifter) (D:14)
  3 eyes of devastation
  Maggie (D:6)
  2 rime drakes
  7 freezing wraiths
  3 unseen horrors
  24 yaktaurs
  A catoblepas skeleton (Crypt:2)
  5 tengu conjurers
  12 komodo dragons
  An efreet (D:13)
  11 guardian mummies (Crypt:3)
  An alligator snapping turtle skeleton (Crypt:3)
  A black draconian skeleton (Crypt:2)
  A spectral harpy (Crypt:3)
  An ice devil (Gauntlet)
  3 kobold demonologists
  2 pale draconian skeletons (Crypt:2)
  25 merfolk
  A death yak skeleton (Crypt:1)
  A red devil (Depths:4)
  A queen bee (D:11)
  A polar bear (Lair:4)
  5 hornets
  An iron troll skeleton (Crypt:3)
  5 trolls
  A tyrant leech (Gauntlet)
  34 saltlings (Desolation)
  A tarantella (Vaults:3)
  12 wind drakes
  A dream sheep (shapeshifter) (Depths:4)
  4 dream sheep
  An iron dragon simulacrum (Crypt:3)
  10 snapping turtles
  20 blink frogs
  A jumping spider (Vaults:3)
  113 slime creatures
  9 flying skulls (Crypt:3)
  10 shadows
  15 wraiths
  10 air elementals
  26 water elementals
  2 wyverns
  32 yaks
  Grum (Lair:1)
  5 fire elementals
  A black mamba skeleton (Crypt:3)
  4 fire bats (Lair:3)
  7 basilisks
  3 chaos spawn (Depths:3)
  8 large abominations (Depths:3)
  3 vampires
  5 steam dragons
  2 swamp worms (Gauntlet)
  A fire bat zombie (Crypt:1)
  5 redbacks
  39 nagas
  5 vampire mosquitoes
  11 wargs
  9 hell hounds
  A water moccasin (shapeshifter) (Vaults:5)
  12 water moccasins
  4 acid dragons
  25 orc warriors
  4 black bears
  3 boggarts (Depths:1)
  14 ogres
  A blink frog zombie (Crypt:3)
  10 wolves
  A dream sheep skeleton (Crypt:1)
  A phantom (D:6)
  20 centaurs
  A fire crab zombie (Crypt:1)
  4 kobold brigands
  7 necrophages
  Blork the orc (D:5)
  A gnoll sergeant (D:8)
  2 earth elementals
  A rime drake skeleton (Crypt:3)
  2 scorpions (D:7)
  12 bullfrogs
  3 small abominations (Depths:3)
  A polar bear zombie (Crypt:2)
  A warg zombie (Crypt:2)
  29 killer bees (D:11)
  A yak zombie (Crypt:2)
  5 electric eels
  5 lava snakes
  10 howler monkeys
  4 jellies
  4 hounds
  2 gnoll boudas
  19 orc priests
  2 sleepcaps
  A basilisk skeleton (Crypt:2)
  3 iguanas
  28 orc wizards
  A scorpion zombie (Crypt:1)
  2 hound skeletons
  2 mummies (Crypt:3)
  Robin (D:2)
  12 gnolls
  7 adders
  A shadow imp (D:3)
  4 white imps
  A worm (shapeshifter) (Vaults:5)
  A worm (D:4)
  2 dart slugs
  89 orcs
  3 ball pythons
  6 endoplasms
  3 giant cockroaches
  15 goblins
  7 hobgoblins
  4 jackals
  20 kobolds
  4 quokkas (D:1)
  10 bats
  2 frilled lizards (D:1)
  6 rats
  5 tentacles (Shoals:2)
2417 creatures vanquished.

Vanquished Creatures (collateral kills)
  2 acid blobs (Slime:5)
  A rockslime (Slime:5)
  Louise (Shoals:2)
  2 quicksilver oozes (Slime:5)
6 creatures vanquished.

Vanquished Creatures (others)
  A draconian knight (Zot:2)
  A ghost moth (Zot:3)
  A deep elf knight (Elf:2)
  A deep elf pyromancer (Elf:2)
  12 bushes (Elf:3)
  20 fungi
  111 plants
  2 starspawn tentacles (Shoals:3)
  9 tentacles (Shoals:2)
  7 withered plants
165 creatures vanquished.

Grand Total: 2588 creatures vanquished

Notes
Turn   | Place    | Note
-------+----------+-------------------------------------------
     0 | D:1      | Twinkles the Troll Reaver began the quest for the Orb.
     0 | D:1      | Reached XP level 1. HP: 19/19 MP: 1/1
     3 | D:1      | Got Tueptusi's Writings on Allied Translocation
   132 | D:1      | Reached XP level 2. HP: 28/28 MP: 2/2
   489 | D:1      | Reached XP level 3. HP: 33/35 MP: 3/3
   951 | D:2      | Noticed Robin
   979 | D:2      | Killed Robin
   980 | D:2      | Reached skill level 4 in Unarmed Combat
  1006 | D:2      | Reached XP level 4. HP: 42/42 MP: 4/4
  1599 | D:3      | Found a burning altar of Makhleb.
  1776 | D:3      | Found a hazy altar of Hepliaklqana.
  1993 | D:4      | Found a blossoming altar of Fedhas.
  2034 | D:4      | Reached XP level 5. HP: 50/50 MP: 5/5
  2091 | D:4      | Noticed a black bear
  2106 | D:4      | Killed a black bear
  2107 | D:4      | Reached skill level 5 in Unarmed Combat
  2165 | D:4      | Found a snail-covered altar of Cheibriados.
  2169 | D:4      | Found a sacrificial altar of Ru.
  2241 | D:4      | Reached XP level 6. HP: 57/59 MP: 6/6
  2357 | D:4      | Found a staircase to the Ecumenical Temple.
  2365 | Temple   | Entered the Ecumenical Temple
  2481 | Temple   | Became a worshipper of the Wu Jian Council
  3209 | D:5      | Entered Level 5 of the Dungeon
  3430 | D:5      | Reached skill level 6 in Unarmed Combat
  3442 | D:5      | Reached XP level 7. HP: 67/67 MP: 7/7
  3964 | D:5      | Noticed Blork the orc
  3975 | D:5      | Killed Blork the orc
  4305 | D:6      | Reached skill level 7 in Unarmed Combat
  4363 | D:6      | Reached XP level 8. HP: 76/78 MP: 8/8
  4430 | D:6      | Noticed a hornet
  4435 | D:6      | Killed a hornet
  4519 | D:6      | Reached skill level 8 in Unarmed Combat
  4531 | D:6      | Found an iron altar of Okawaru.
  4551 | D:6      | You fall into a shaft and drop 1 floor!
  4800 | D:7      | HP: 23/79 [orc/+0 falchion (7)]
  4836 | D:7      | HP: 18/79 [water moccasin (7)]
  4837 | D:7      | HP: 8/79 [water moccasin (9)]
  4842 | D:7      | HP: 14/79 [water moccasin (4)]
  4926 | D:7      | Reached skill level 5 in Dodging
  4977 | D:7      | Reached skill level 5 in Fighting
  5163 | D:7      | Reached * piety under Wu Jian
  5397 | D:6      | Reached skill level 9 in Unarmed Combat
  5397 | D:6      | Reached XP level 9. HP: 82/88 MP: 9/9
  5455 | D:6      | Noticed Maggie
  5855 | D:7      | Learned a level 2 spell: Blink
  5939 | D:7      | Noticed a manticore
  5945 | D:7      | HP: 22/88 [manticore (8)]
  5947 | D:7      | Killed a manticore
  6066 | D:7      | Noticed a two-headed ogre
  6070 | D:7      | Learned a level 1 spell: Kiss of Death
  6204 | D:7      | Reached skill level 10 in Unarmed Combat
  6293 | D:7      | Noticed a two-headed ogre
  6611 | D:8      | Noticed a gargoyle
  6624 | D:8      | Killed a gargoyle
  6825 | D:8      | Noticed Maurice
  6879 | D:8      | Reached skill level 11 in Unarmed Combat
  6879 | D:8      | Reached ** piety under Wu Jian
  6967 | D:8      | Reached XP level 10. HP: 71/100 MP: 10/10
  7320 | D:9      | Noticed Erica
  7358 | D:9      | Noticed a death yak
  7358 | D:9      | Noticed a death yak
  7358 | D:9      | Found a staircase to the Lair.
  7359 | D:9      | Noticed a death yak
  7359 | D:9      | Noticed a death yak
  7362 | D:9      | Noticed a death yak
  7481 | D:6      | Killed a two-headed ogre
  7544 | D:6      | Killed Maggie
  7545 | D:6      | Reached skill level 1 in Translocations
  7741 | D:7      | Killed a two-headed ogre
  7818 | D:7      | Killed a death yak
  8083 | D:7      | Reached skill level 12 in Unarmed Combat
  8194 | D:7      | Noticed a gargoyle
  8228 | D:7      | Killed a gargoyle
  8300 | D:7      | Noticed a deep elf pyromancer
  8315 | D:7      | Killed a deep elf pyromancer
  8326 | D:7      | Learned a level 2 spell: Wereblood
  8515 | D:7      | Killed a death yak
  8516 | D:7      | Reached XP level 11. HP: 84/109 MP: 8/11
  8574 | D:7      | Killed a death yak
  8795 | D:9      | Noticed a centaur warrior
  9043 | D:7      | Killed a death yak
  9088 | D:8      | Killed a death yak
  9089 | D:8      | Reached skill level 13 in Unarmed Combat
  9295 | Lair:1   | Entered Level 1 of the Lair of Beasts
  9958 | Lair:1   | Got the Vellum of Injurious Vapour
  9970 | Lair:1   | Noticed Grum
  9979 | Lair:1   | Killed Grum
  9979 | Lair:1   | Reached *** piety under Wu Jian
 10447 | Lair:1   | Noticed Gastronok
 10486 | Lair:1   | Killed Gastronok
 10487 | Lair:1   | Reached skill level 14 in Unarmed Combat
 10681 | Lair:1   | Noticed a boulder beetle
 10715 | Lair:1   | Killed a boulder beetle
 10715 | Lair:1   | Reached XP level 12. HP: 91/122 MP: 12/12
 10903 | Lair:2   | Noticed a boulder beetle
 10917 | Lair:2   | Killed a boulder beetle
 11653 | Lair:2   | Found a staircase to the Shoals.
 11977 | Lair:2   | Found a staircase to the Snake Pit.
 12354 | Lair:3   | Reached skill level 15 in Unarmed Combat
 12823 | Lair:3   | Noticed Amaemon
 12837 | Lair:3   | Killed Amaemon
 13186 | Lair:3   | Found a shimmering blue altar of Sif Muna.
 13688 | Lair:4   | Reached XP level 13. HP: 131/131 MP: 13/13
 14159 | Lair:4   | Reached skill level 16 in Unarmed Combat
 14217 | Lair:4   | Reached **** piety under Wu Jian
 14781 | Lair:5   | Entered Level 5 of the Lair of Beasts
 14826 | Lair:5   | Found a transporter.
 14839 | Lair:5   | Noticed Nabski's ghost (journeyman TeFE)
 14904 | Lair:5   | Found a transporter.
 15058 | Lair:5   | HP: 37/133 [14-headed hydra (4)]
 15059 | Lair:5   | HP: 9/133 [14-headed hydra (14)]
 15311 | Lair:5   | Reached skill level 10 in Fighting
 15393 | Lair:5   | Found a broken altar of Ashenzari.
 15403 | Lair:5   | Found a runed translucent door.
 15404 | Lair:5   | Found a viscous altar of Jiyva.
 15405 | Lair:5   | Noticed an azure jelly
 15406 | Lair:5   | Found a staircase to the Slime Pits.
 15406 | Lair:5   | Noticed an azure jelly
 15983 | Lair:5   | HP: 38/133 [16-headed hydra (7)]
 16818 | D:9      | Found an ancient bone altar of Kikubaaqudgha.
 17149 | D:9      | Found a staircase to the Orcish Mines.
 17212 | D:9      | Killed Erica
 17212 | D:9      | Reached skill level 17 in Unarmed Combat
 17304 | D:10     | Entered Level 10 of the Dungeon
 17355 | D:10     | Reached skill level 10 in Dodging
 17358 | D:10     | Noticed Erolcha
 17497 | D:10     | Found a radiant altar of Vehumet.
 17598 | Orc:1    | Entered Level 1 of the Orcish Mines
 17743 | Orc:2    | Entered Level 2 of the Orcish Mines
 18050 | Orc:2    | Found Qaups's CLEARANCE SALE!.
 18057 | Orc:2    | Bought the +4 skin of Zhor {*Englaciate rC+++ SInv} for 199
                  | gold pieces
 18057 | Orc:2    | Found the +4 skin of Zhor {*Englaciate rC+++ SInv}
 18174 | Orc:2    | Reached ***** piety under Wu Jian
 18205 | Orc:2    | Found a staircase to the Elven Halls.
 18477 | Orc:2    | Found Hooq's Magic Scroll Shop.
 18489 | Orc:2    | Bought a scroll of teleportation for 42 gold pieces
 18489 | Orc:2    | Bought a scroll of teleportation for 42 gold pieces
 18489 | Orc:2    | Bought a scroll of fog for 56 gold pieces
 18489 | Orc:2    | Bought a scroll of identify for 28 gold pieces
 18700 | Orc:2    | Found a radiant altar of Vehumet.
 18707 | Orc:2    | Reached XP level 14. HP: 144/144 MP: 14/14
 18842 | Orc:2    | Found Wuzeruzxy's Book Emporium.
 18890 | Orc:2    | Paralysed by an ogre mage for 4 turns
 18907 | Orc:2    | Found an ancient bone altar of Kikubaaqudgha.
 18997 | Orc:2    | Found Xyobungi's Distillery.
 19018 | Orc:2    | Found Vyizxyn's Antique Armour Shoppe.
 19074 | Orc:2    | Found Koyhoydi's Antique Weapon Shoppe.
 19211 | Orc:1    | Noticed Snorg
 19228 | Orc:1    | Killed Snorg
 19228 | Orc:1    | Reached skill level 18 in Unarmed Combat
 19415 | Orc:1    | Noticed Jorgrun
 19426 | Orc:1    | HP: 29/125 [constriction (28)]
 19646 | D:10     | Noticed Urug
 19656 | D:10     | Killed Urug
 19752 | D:10     | Killed Erolcha
 20846 | D:11     | Reached skill level 1 in Throwing
 20912 | D:11     | Reached ****** piety under Wu Jian
 21204 | D:12     | Got the Folio of Reformed Elsewhere
 21207 | D:12     | Learned a level 1 spell: Apportation
 21306 | D:12     | Noticed a fire giant
 21314 | D:12     | HP: 26/146 [fire giant/bolt of fire (37)]
 21322 | D:12     | HP: 24/146 [fire giant/bolt of fire (28)]
 21751 | Lair:5   | Found a large runed translucent door.
 21793 | Lair:5   | Reached skill level 19 in Unarmed Combat
 21835 | Lair:5   | Found a large runed translucent door.
 22494 | D:12     | Noticed a storm dragon
 22497 | D:12     | Killed a storm dragon
 23005 | D:13     | Found Puoxisan's Specific Store.
 23007 | D:13     | Found Nupiar's General Store.
 23012 | D:13     | Bought a potion of berserk rage for 70 gold pieces
 23012 | D:13     | Bought a potion of might for 56 gold pieces
 23037 | D:13     | Reached XP level 15. HP: 151/156 MP: 15/15
 23542 | D:11     | HP: 45/156 [freezing wraith (11)]
 24028 | D:13     | Found a gate to the Vaults.
 24740 | D:14     | Reached skill level 5 in Throwing
 24806 | D:14     | Reached skill level 20 in Unarmed Combat
 24811 | D:14     | HP: 47/157 [tengu warrior/bolt (8)]
 24971 | D:14     | Learned a level 3 spell: Mephitic Cloud
 25040 | D:14     | Found a runed translucent door.
 25041 | D:14     | Noticed Kapsuk's ghost (journeyman DECj)
 25276 | D:15     | Entered Level 15 of the Dungeon
 25431 | D:14     | HP: 39/158 [orc knight/+0 great sword (17)]
 25547 | D:15     | Noticed Azrael
 25566 | D:15     | Killed Azrael
 25594 | D:15     | Found a gate leading to a gauntlet.
 25611 | Gauntlet | Entered a Gauntlet
 25611 | Gauntlet | Found a transporter.
 25618 | Gauntlet | Found a transporter.
 25634 | Gauntlet | Found a transporter.
 25637 | Gauntlet | Found a transporter.
 25641 | Gauntlet | Found a runed translucent door.
 25643 | Gauntlet | Found a transporter.
 25646 | Gauntlet | Found a transporter.
 25658 | Gauntlet | Found a transporter.
 25671 | Gauntlet | Found a transporter.
 25686 | Gauntlet | Found a transporter.
 25690 | Gauntlet | Found a transporter.
 25692 | Gauntlet | Found a runed translucent gate.
 25692 | Gauntlet | Found a runed translucent gate.
 25692 | Gauntlet | Found a runed translucent gate.
 25698 | Gauntlet | Found a transporter.
 25702 | Gauntlet | Found a transporter.
 26177 | Gauntlet | Identified the amulet "Yrhoyfe" {RegenMP rPois rC- Regen+
                  | Slay+3}
 26204 | Gauntlet | Identified the +7 eveningstar "Baoly" {heavy, Dex+3}
 26516 | D:15     | Noticed Josephine
 26541 | D:15     | Killed Josephine
 27123 | D:15     | Found a staircase to the Depths.
 27123 | D:15     | Noticed a fire giant
 27488 | D:15     | Reached XP level 16. HP: 135/167 MP: 16/16
 28015 | Snake:1  | Entered Level 1 of the Snake Pit
 28148 | Snake:1  | Reached skill level 21 in Unarmed Combat
 28262 | Snake:1  | Reached skill level 1 in Shields
 28813 | Snake:1  | Noticed Agnes
 28815 | Snake:1  | Killed Agnes
 29776 | Snake:2  | Identified the +1 chain mail of Parlour Games {rC- rN++
                  | Int+2}
 30065 | Snake:2  | Reached skill level 5 in Shields
 32335 | Snake:4  | Entered Level 4 of the Snake Pit
 32912 | Snake:4  | Found Voruplac's Magic Scroll Shop.
 32915 | Snake:4  | Bought a scroll of teleportation for 45 gold pieces
 32915 | Snake:4  | Bought a scroll of teleportation for 45 gold pieces
 32915 | Snake:4  | Bought a scroll of teleportation for 45 gold pieces
 32915 | Snake:4  | Bought a scroll of blinking for 112 gold pieces
 32915 | Snake:4  | Bought a scroll of teleportation for 45 gold pieces
 33390 | Snake:4  | Reached XP level 17. HP: 178/178 MP: 17/17
 33958 | Snake:4  | HP: 52/178 [black mamba[a naga ritualist] (7)]
 35330 | Snake:4  | Got a serpentine rune of Zot
 35535 | Snake:4  | Reached skill level 10 in Throwing
 35686 | Snake:4  | HP: 53/179 [constriction (8)]
 36169 | Shoals:1 | Entered Level 1 of the Shoals
 37277 | Shoals:2 | Noticed a kraken
 37342 | Shoals:2 | Identified the +5 tower shield "Arghiwk" {rCorr Int+4}
 37342 | Shoals:2 | Noticed Louise
 37590 | Shoals:2 | Killed a kraken
 37626 | Shoals:2 | Identified the ring of the Cast Vote {MP+9 Dex+2}
 37634 | Shoals:2 | Killed Louise
 38799 | Shoals:3 | Noticed Mlioglotl
 39060 | Shoals:3 | Reached XP level 18. HP: 168/189 MP: 18/18
 39108 | Shoals:3 | Noticed Aizul
 39115 | Shoals:3 | Killed Aizul
 39883 | Shoals:4 | Entered Level 4 of the Shoals
 39883 | Shoals:4 | Found a stormy altar of Qazlal.
 40302 | Shoals:4 | Paralysed by an air elemental for 1 turns
 40305 | Shoals:4 | Paralysed by an air elemental for 1 turns
 40354 | Shoals:4 | Paralysed by an air elemental for 1 turns
 40359 | Shoals:4 | Reached skill level 22 in Unarmed Combat
 40502 | Shoals:4 | Paralysed by an air elemental for 1 turns
 41346 | Shoals:4 | Found a bloodstained altar of Trog.
 41440 | Shoals:4 | Paralysed by an air elemental for 1 turns
 41444 | Shoals:4 | Paralysed by an air elemental for 1 turns
 41485 | Shoals:4 | Reached skill level 10 in Shields
 41949 | Shoals:4 | Got a barnacled rune of Zot
 41953 | Shoals:4 | Identified the staff of death "Milimol" {+Blink rPois rN+
                  | Str+3 Int+4}
 42180 | Lair:3   | Upgraded the game from 0.30-a0-939-gc8157cb160 to
                  | 0.30-a0-948-g4fa250aae5
 42327 | Vaults:1 | Entered Level 1 of the Vaults
 43696 | Vaults:1 | HP: 57/192 [deep troll[an ironbound preserver] (11)]
 43847 | Vaults:1 | Reached XP level 19. HP: 140/200 MP: 19/19
 43969 | Vaults:1 | Reached skill level 15 in Fighting
 45422 | Vaults:2 | Found a basalt altar of Yredelemnul.
 45461 | Vaults:2 | You fall into a shaft and drop 2 floors!
 46109 | Vaults:4 | Noticed Mennas
 46186 | Vaults:4 | Noticed Donald
 46196 | Vaults:4 | Killed Donald
 46330 | Vaults:4 | Reached skill level 23 in Unarmed Combat
 46544 | Vaults:3 | HP: 54/201 [deep troll[an ironbound preserver] (14)]
 46622 | Vaults:3 | Found a flickering gateway to a bazaar.
 46641 | Bazaar   | Entered a bazaar
 46643 | Bazaar   | Found Zotatiz's Assorted Antiques.
 46647 | Bazaar   | Found Notop's Antique Armour Boutique.
 46648 | Bazaar   | Found Camus's Magic Scroll Boutique.
 46648 | Bazaar   | Found Wiba's Armour Boutique.
 46658 | Bazaar   | Bought a scroll of teleportation for 36 gold pieces
 46678 | Bazaar   | Bought a runed cloak for 195 gold pieces
 46693 | Bazaar   | Bought a wand of quicksilver (3) for 302 gold pieces
 46693 | Bazaar   | Bought a wand of quicksilver (1) for 100 gold pieces
 46701 | Bazaar   | Bought a scroll of fear for 48 gold pieces
 46804 | Vaults:3 | Found a crumbling gateway.
 46814 | Desolati | Entered the Desolation of Salt
 46882 | Desolati | Reached XP level 20. HP: 145/211 MP: 20/20
 47090 | Desolati | Identified the +8 giant spiked club of the Shouting Owl
                  | {drain, Will+}
 47093 | Desolati | Identified the +0 ring mail of the Great Game {Harm Rampage
                  | Int-3}
 47474 | Desolati | Reached skill level 5 in Translocations
 47611 | Desolati | Got the Directory of Destined Destruction
 47652 | Desolati | Identified the staff of death "Tuffiv" {rC+ rN+ Int+3
                  | Stlth+}
 47706 | Desolati | Identified the amulet "Omurphuv" {Spirit Drain Regen+ SInv
                  | Stlth+}
 48062 | Desolati | Identified the amulet of Ymnam {Reflect +Inv Int+3 SH+5}
 48090 | Desolati | Identified the staff of air "Feggankax" {rElec rF++ Str-2
                  | Dex+3}
 48109 | Desolati | Identified the ring "Urchoet" {Fire rElec Int+3 Slay-2}
 48139 | Desolati | Identified the +3 war axe of Sudden Death {holy, rPois rF-
                  | Int+4}
 48192 | Desolati | Identified the +0 hand axe of Ydosturch {freeze, Drain
                  | Will++ Int+4}
 49104 | Vaults:2 | Found a staircase to the Crypt.
 49105 | Vaults:2 | Found an ancient bone altar of Kikubaaqudgha.
 49327 | Vaults:3 | HP: 30/213 [war gargoyle/spray of metal splinters[a
                  | peacekeeper] (58)]
 49332 | Vaults:3 | HP: 43/213 [war gargoyle/spray of metal splinters[a
                  | peacekeeper] (6)]
 49337 | Vaults:3 | HP: 59/213 [sphinx (16)]
 50955 | Depths:1 | Entered Level 1 of the Depths
 51004 | Depths:1 | Found a gateway to Hell.
 51152 | Depths:1 | Found a stormy altar of Qazlal.
 51722 | Depths:2 | Found a one-way gateway to a ziggurat.
 51865 | Depths:1 | Upgraded the game from 0.30-a0-948-g4fa250aae5 to
                  | 0.30-a0-949-g53dc5368d7
 52188 | Depths:2 | Reached XP level 21. HP: 170/223 MP: 21/21
 52478 | Depths:2 | Found a one-way gate to the infinite horrors of the Abyss.
 52641 | Depths:2 | Reached skill level 1 in Armour
 52647 | Depths:2 | Found a one-way gate leading to the halls of Pandemonium.
 52803 | Depths:2 | Noticed Vv
 52929 | Depths:2 | Found a runed translucent gate.
 52930 | Depths:2 | Found a runed translucent gate.
 52931 | Depths:2 | Found a runed translucent gate.
 52931 | Depths:2 | Noticed Dedet's ghost (veteran GrRe)
 53533 | Depths:3 | Found a portal to a secret trove of treasure.
 53832 | Depths:3 | Noticed a caustic shrike
 53834 | Depths:3 | Killed a caustic shrike
 53925 | Depths:3 | Noticed a caustic shrike
 53927 | Depths:3 | Killed a caustic shrike
 53927 | Depths:3 | Reached skill level 24 in Unarmed Combat
 53958 | Depths:3 | Noticed a juggernaut
 53968 | Depths:3 | Killed a juggernaut
 54099 | Depths:3 | Found Plog's Book Emporium.
 54101 | Depths:3 | Found Boibomefam's Jewellery Shop.
 54102 | Depths:3 | Found Zimueq's Book Emporium.
 54146 | Depths:3 | Found an ornate altar of the Wu Jian Council.
 54342 | Depths:3 | Got Sif Muna's Enchiridion on Transition and Relocation
 54348 | Depths:3 | Identified the +8 long sword "Oqalaus" {freeze, Str+4}
 54378 | Depths:3 | Identified the +9 battleaxe of Fear {freeze, rF+ Int+3}
 54442 | Depths:4 | Entered Level 4 of the Depths
 55057 | Depths:4 | Identified a scroll of acquirement
 55136 | Depths:4 | Noticed a juggernaut
 55145 | Depths:4 | Killed a juggernaut
 55243 | Depths:4 | Reached skill level 15 in Throwing
 55622 | Depths:4 | Noticed a golden dragon
 55664 | Depths:4 | Found a gate to the Realm of Zot.
 55669 | Depths:4 | Killed a golden dragon
 56089 | Crypt:1  | Entered Level 1 of the Crypt
 56873 | Crypt:1  | Learned a level 6 spell: Statue Form
 56904 | Crypt:1  | Reached XP level 22. HP: 201/223 MP: 18/22
 56909 | Crypt:1  | Reached skill level 1 in Earth Magic
 56911 | Crypt:1  | Reached skill level 1 in Transmutations
 58428 | Crypt:2  | Reached skill level 5 in Earth Magic
 58602 | Crypt:3  | Entered Level 3 of the Crypt
 58795 | Crypt:3  | Found a runed translucent gate.
 58795 | Crypt:3  | Found a runed translucent gate.
 58795 | Crypt:3  | Found a runed translucent gate.
 58803 | Crypt:3  | Noticed Zogul's ghost (veteran MiGl)
 58803 | Crypt:3  | Noticed Neiqej's ghost (legendary FoFi)
 58803 | Crypt:3  | Noticed Zogul's ghost (veteran MiGl)
 59077 | Crypt:3  | HP: 59/231 [??? (48)]
 59218 | Crypt:3  | Reached skill level 5 in Transmutations
 59873 | Crypt:3  | Found a staircase to the Tomb.
 59941 | Crypt:3  | Upgraded the game from 0.30-a0-949-g53dc5368d7 to
                  | 0.30-a0-953-g5f1da4a474
 60478 | Crypt:3  | Found a basalt altar of Yredelemnul.
 60621 | Crypt:3  | Identified the ring of Existentialism {rN+ Str+6}
 60621 | Crypt:3  | Identified the ring "Haozamuc" {rC+ rN+ rCorr}
 61301 | Orc:1    | Killed Jorgrun
 61520 | Elf:1    | Entered Level 1 of the Elven Halls
 61525 | Elf:1    | Paralysed by an air elemental for 1 turns
 61532 | Elf:1    | Paralysed by an air elemental for 1 turns
 62289 | Elf:1    | Got the Parchment of Amassed Violence
 62455 | Elf:1    | Paralysed by an air elemental for 1 turns
 62524 | Elf:2    | Paralysed by an air elemental for 1 turns
 62530 | Elf:1    | Paralysed by an air elemental for 1 turns
 62533 | Elf:1    | Paralysed by an air elemental for 1 turns
 62536 | Elf:1    | Paralysed by an air elemental for 1 turns
 62691 | Elf:1    | Reached XP level 23. HP: 220/243 MP: 18/23
 63254 | Elf:2    | Found a runed translucent gate.
 63255 | Elf:2    | Found a runed translucent gate.
 63255 | Elf:2    | Found a runed translucent gate.
 63316 | Elf:2    | Found a runed translucent gate.
 63316 | Elf:2    | Found a runed translucent gate.
 63316 | Elf:2    | Found a runed translucent gate.
 63319 | Elf:2    | Noticed bmack86's ghost (adept MiFi)
 63356 | Elf:2    | Found Icawn's General Store.
 63366 | Elf:2    | Bought a wand of digging (9) for 491 gold pieces
 63533 | Elf:3    | Entered Level 3 of the Elven Halls
 63773 | Elf:3    | Reached skill level 10 in Earth Magic
 63954 | Elf:3    | Identified the +5 rapier of the Lumpy Youths {vamp, rCorr
                  | SInv}
 64291 | Elf:3    | Identified the +6 dagger "Wacaleridi" {flame, +Blink Fly}
 64431 | Elf:3    | Identified the +10 trident of Flawed Execution {vamp,
                  | Dex+3}
 64431 | Elf:3    | Identified the +1 leather armour of Disappointment {rPois
                  | rF+ Str+8}
 64445 | Elf:3    | Identified the +1 leather armour of Submission {rF+ Regen+
                  | Int+3 Slay+3}
 64884 | Elf:2    | Noticed Saint Roka
 64901 | Elf:2    | Killed Saint Roka
 65326 | Elf:2    | Killed bmack86's ghost
 65389 | Elf:3    | Identified the +3 quarterstaff of Shrieking Terror {vamp,
                  | SInv}
 66421 | Elf:3    | Identified the staff of earth "Dijof" {Str+2 Int+3}
 66488 | Elf:3    | Got the Meditations on Topological Obstruction
 67139 | D:8      | Killed Maurice
 67327 | D:14     | Killed Kapsuk's ghost
 67595 | Lair:3   | Got the Codex of Space and the Boggart
 68102 | Depths:2 | Killed Vv
 68697 | Slime:1  | Entered Level 1 of the Pits of Slime
 68791 | Slime:1  | Reached skill level 10 in Transmutations
 68981 | Slime:2  | HP: 70/243 [azure jelly (38)]
 70202 | Lair:5   | Reached XP level 24. HP: 231/253 MP: 20/23
 70206 | Lair:5   | Killed Nabski's ghost
 70837 | Vaults:4 | Killed Mennas
 71102 | Vaults:4 | Noticed Frederick
 71389 | Vaults:4 | Killed Frederick
 71860 | Vaults:5 | Entered Level 5 of the Vaults
 71980 | Vaults:5 | Identified the +1 hand axe "Twinkles's Death" {spect, Str+3
                  | Int-4}
 71985 | Vaults:5 | Noticed an ancient lich
 72084 | Vaults:5 | Got a silver rune of Zot
 72308 | Vaults:5 | Reached skill level 15 in Earth Magic
 72464 | Vaults:5 | Noticed a dread lich
 72468 | Vaults:5 | Killed a dread lich
 72477 | Vaults:5 | Killed an ancient lich
 72597 | Vaults:5 | Reached XP level 25. HP: 261/261 MP: 22/23
 72865 | Vaults:5 | Identified the +7 dagger "Ikkis" {spect, rC+ rCorr}
 72928 | Vaults:5 | Found Ini Ruets's Armour Shoppe.
 72998 | Vaults:5 | Identified the ring of Zerhix {rC+ rN+ Int+2 Slay+2 Stlth+}
 73087 | Vaults:5 | Got the Catalogue of Twisted Abominable Arts
 73093 | Vaults:5 | Identified the +8 arbalest of Perfectionism {heavy, Will+
                  | Int+3}
 74682 | Slime:5  | Entered Level 5 of the Pits of Slime
 74893 | Slime:3  | Gained mutation: You are dopey. (Int -2) [a shining eye]
 75245 | Slime:5  | Found a viscous altar of Jiyva.
 75268 | Slime:5  | Noticed the Royal Jelly
 75319 | Slime:5  | Found the ring of the Hare {EV+10}
 75650 | Slime:5  | Gained mutation: You are weak. (Str -2) [mutagenic glow]
 75658 | Slime:5  | Gained mutation: Your magical capacity is low. (-10% MP)
                  | [mutagenic glow]
 75918 | Slime:5  | Killed the Royal Jelly
 75969 | Slime:5  | Identified the ring "Juduilor" {rF++ rC+ rCorr}
 75981 | Slime:5  | Identified the +0 robe of Activism {rElec rC- rN+ Int+5}
 76007 | Slime:5  | Identified the amulet "Amaasuph" {Acrobat Dex+4}
 76044 | Slime:5  | Got the Folio of Impulse and Exhumation
 76052 | Slime:5  | Identified the +6 war axe "Demon's Undoing" {drain, Will+
                  | rCorr Str+2 Int-5}
 76071 | Slime:5  | Got a slimy rune of Zot
 76182 | Slime:5  | Learned a level 2 spell: Passwall
 76185 | Slime:5  | Learned a level 2 spell: Lesser Beckoning
 76187 | Slime:5  | Lost mutation: You are weak. (Str -2) [potion of mutation]
 76187 | Slime:5  | Lost mutation: Your magical capacity is low. (-10% MP)
                  | [potion of mutation]
 76187 | Slime:5  | Gained mutation: Your system is resistant to poisons.
                  | (rPois) [potion of mutation]
 76689 | Orc:2    | Bought a scroll of poison for 12 gold pieces
 76689 | Orc:2    | Bought a scroll of poison for 12 gold pieces
 76755 | Orc:2    | Bought a potion of attraction for 30 gold pieces
 76755 | Orc:2    | Bought a potion of mutation for 80 gold pieces
 76755 | Orc:2    | Bought a potion of invisibility for 80 gold pieces
 76755 | Orc:2    | Bought a potion of haste for 100 gold pieces
 76755 | Orc:2    | Bought a potion of ambrosia for 80 gold pieces
 76755 | Orc:2    | Bought a potion of ambrosia for 80 gold pieces
 76755 | Orc:2    | Bought a potion of attraction for 30 gold pieces
 76755 | Orc:2    | Bought a potion of haste for 100 gold pieces
 76755 | Orc:2    | Bought a potion of haste for 100 gold pieces
 76842 | Elf:2    | Bought a potion of berserk rage for 65 gold pieces
 76842 | Elf:2    | Bought a scroll of immolation for 52 gold pieces
 77012 | D:13     | Bought a scroll of immolation for 56 gold pieces
 77012 | D:13     | Bought a potion of haste for 140 gold pieces
 79653 | Orc:2    | Bought a potion of flight for 9 gold pieces
 80769 | Depths:3 | You paid a toll of +4 ice dragon scales to enter a treasure
                  | trove
 80770 | Trove    | Entered a treasure trove
 80776 | Trove    | Found the +1 cloak of Starlight {*Dazzle EV+4 Stlth--}
 80783 | Trove    | Identified the +0 robe of the Good {Dex+2 SInv}
 80794 | Trove    | Identified the ring of Nemelex Xobeh's Grace {*Slow rElec
                  | rC+ rN++ SInv}
 80908 | Depths:4 | Acquired the +0 hat of Gitiufame {Contam Int+6}
 81195 | Depths:1 | Killed Dedet's ghost
 81290 | Depths:2 | Identified the +2 hat of the Lost Path {rC+ Regen+}
 81488 | Zot:1    | Entered Level 1 of the Realm of Zot
 81490 | Zot:1    | Upgraded the game from 0.30-a0-953-g5f1da4a474 to
                  | 0.30-a0-956-gcec3b41aec
 81543 | Zot:1    | Found Yplosim's Changing Room.
 81564 | Zot:1    | Bought a potion of mutation for 184 gold pieces
 81564 | Zot:1    | Bought a potion of lignification for 69 gold pieces
 81787 | Zot:1    | Found a transporter.
 82236 | Zot:1    | Found a transporter.
 85123 | Zot:4    | Noticed a juggernaut
 85220 | Zot:4    | Noticed an ancient lich
 85318 | Zot:4    | Reached XP level 26. HP: 273/273 MP: 19/23
 85424 | Zot:4    | Killed a juggernaut
 85597 | Zot:4    | Killed an ancient lich
 86533 | Zot:4    | Noticed an orb of fire
 86537 | Zot:4    | Gained mutation: Your spells are a little easier to cast,
                  | but a little less powerful. [an orb of fire]
 86538 | Zot:4    | Gained mutation: You are vulnerable to cold. (rC-) [an orb
                  | of fire]
 86539 | Zot:4    | Killed an orb of fire
 87038 | Zot:5    | Entered Level 5 of the Realm of Zot
 87777 | Zot:5    | Noticed an ancient lich
 87781 | Zot:5    | Killed an ancient lich
 87781 | Zot:5    | Reached skill level 15 in Transmutations
 87995 | Zot:5    | Noticed an orb of fire
 87999 | Zot:5    | Gained mutation: Your magical capacity is low. (-10% MP)
                  | [an orb of fire]
 88002 | Zot:5    | Killed an orb of fire
 88546 | Zot:5    | Noticed an orb of fire
 88548 | Zot:5    | Gained mutation: Your magical capacity is very low. (-20%
                  | MP) [an orb of fire]
 88551 | Zot:5    | Gained mutation: You are frail. (-10% HP) [an orb of fire]
 88552 | Zot:5    | Killed an orb of fire
 88586 | Zot:5    | Lost mutation: You are dopey. (Int -2) [potion of mutation]
 88586 | Zot:5    | Lost mutation: Your magical capacity is very low. (-20% MP)
                  | [potion of mutation]
 88586 | Zot:5    | Gained mutation: You are partially covered in iridescent
                  | scales. (AC +2) [potion of mutation]
 88586 | Zot:5    | Gained mutation: You heal very quickly. [potion of
                  | mutation]
 88759 | Zot:5    | Noticed a dread lich
 88796 | Zot:5    | Killed a dread lich
 88929 | Zot:5    | Noticed an orb of fire
 88935 | Zot:5    | Gained mutation: You occasionally lose the ability to read
                  | scrolls when taking damage. [an orb of fire]
 88937 | Zot:5    | Gained mutation: You occasionally lose the ability to drink
                  | potions when taking damage. [an orb of fire]
 89035 | Zot:5    | Killed an orb of fire
 89100 | Zot:4    | Lost mutation: You heal very quickly. [potion of mutation]
 89100 | Zot:4    | Lost mutation: Your system is resistant to poisons. (rPois)
                  | [potion of mutation]
 89100 | Zot:4    | Gained mutation: You are agile. (Dex +4, Str/Int -1)
                  | [potion of mutation]
 89100 | Zot:4    | Lost mutation: You are vulnerable to cold. (rC-) [potion of
                  | mutation]
 89100 | Zot:4    | Lost mutation: Your spells are a little easier to cast, but
                  | a little less powerful. [potion of mutation]
 89101 | Zot:4    | Lost mutation: You occasionally lose the ability to read
                  | scrolls when taking damage. [potion of mutation]
 89101 | Zot:4    | Lost mutation: You are frail. (-10% HP) [potion of
                  | mutation]
 89101 | Zot:4    | Gained mutation: You have a pair of small antennae on your
                  | head. [potion of mutation]
 89101 | Zot:4    | Gained mutation: Your spells are a little harder to cast,
                  | but a little more powerful. [potion of mutation]
 89101 | Zot:4    | Gained mutation: You possess an exceptional clarity of
                  | mind. [potion of mutation]
 89102 | Zot:4    | Lost mutation: You are partially covered in iridescent
                  | scales. (AC +2) [potion of mutation]
 89102 | Zot:4    | Lost mutation: Your spells are a little harder to cast, but
                  | a little more powerful. [potion of mutation]
 89102 | Zot:4    | Lost mutation: You possess an exceptional clarity of mind.
                  | [potion of mutation]
 89102 | Zot:4    | Gained mutation: Your body sometimes deteriorates upon
                  | taking damage. [potion of mutation]
 89102 | Zot:4    | Gained mutation: You are partially covered in large bone
                  | plates. (SH +4) [potion of mutation]
 89103 | Zot:4    | Lost mutation: You occasionally lose the ability to drink
                  | potions when taking damage. [potion of mutation]
 89103 | Zot:4    | Lost mutation: You are partially covered in large bone
                  | plates. (SH +4) [potion of mutation]
 89103 | Zot:4    | Gained mutation: You possess an exceptional clarity of
                  | mind. [potion of mutation]
 89104 | Zot:4    | Lost mutation: You are agile. (Dex +4, Str/Int -1) [potion
                  | of mutation]
 89104 | Zot:4    | Lost mutation: You have a pair of small antennae on your
                  | head. [potion of mutation]
 89104 | Zot:4    | Gained mutation: A frigid envelope surrounds you and
                  | freezes all who hurt you. [potion of mutation]
 89104 | Zot:4    | Gained mutation: Your muscles are strong. (Str +4, Int/Dex
                  | -1) [potion of mutation]
 89104 | Zot:4    | Gained mutation: Your magical capacity is very low. (-20%
                  | MP) [potion of mutation]
 89105 | Zot:4    | Lost mutation: You possess an exceptional clarity of mind.
                  | [potion of mutation]
 89105 | Zot:4    | Lost mutation: Your body sometimes deteriorates upon taking
                  | damage. [potion of mutation]
 89105 | Zot:4    | Lost mutation: Your magical capacity is very low. (-20% MP)
                  | [potion of mutation]
 89105 | Zot:4    | Gained mutation: You have hidden genetic defects. [potion
                  | of mutation]
 89105 | Zot:4    | Lost mutation: Your muscles are strong. (Str +4, Int/Dex
                  | -1) [potion of mutation]
 89105 | Zot:4    | Gained mutation: You are strong-willed. (Will+) [potion of
                  | mutation]
 89105 | Zot:4    | Gained mutation: You are partially covered in iridescent
                  | scales. (AC +2) [potion of mutation]
 89216 | Zot:5    | Noticed an orb of fire
 89221 | Zot:5    | Killed an orb of fire
 89222 | Zot:5    | Reached XP level 27. HP: 284/284 MP: 16/21
 89245 | Zot:5    | Noticed a dread lich
 89260 | Zot:5    | Killed a dread lich
 89378 | Zot:5    | Noticed an ancient lich
 89384 | Zot:5    | Killed an ancient lich
 90272 | Zot:5    | Got the Orb of Zot
 90773 | D:$      | Escaped with the Orb!

Illustrated notes

Levels and vault maps discovered:
D:1:      heliophobic_arrival_battle_scene, layout_loops_ring
D:2:      layout_basic, minmay_pentomino_p4, uniq_robin
D:3:      layout_rooms, nzn_hepliaklqana_mist_gate, mainiacjoe_overflow_paths
D:4:      layout_loops_ring, jmf_multi_god_temple,
          mainiacjoe_overflow_six_doors_small, temple_statues
D:5:      layout_loops_corners, uniq_blork_the_orc
D:6:      layout_rooms, mainiacjoe_overflow_small_starburst,
          kennysheep_generic_room_8, uniq_maggie
D:7:      wad_pebble_path, layout_basic, minmay_the_grid_2x2
          [minmay_the_grid_tree, minmay_the_grid_outer_circle,
          minmay_the_grid_tiny_cups, minmay_the_grid_prize_shrinking_boxes]
D:8:      layout_cave_pools, uniq_maurice
D:9:      layout_rooms, kiku_gazebo_garden_becter, dpeg_lair_monsters,
          david_orc_5, uniq_erica
D:10:     layout_cave_pools, mainiacjoe_overflow_tiny_flanked,
          lightli_fourway_metalbox, uniq_urug, uniq_erolcha
D:11:     layout_basic, special_room [special_room_bee],
          kennysheep_generic_room_2
D:12:     nzn_winding_woodlands_cross [nzn_winding_woodlands_5x15_default,
          nzn_winding_woodlands_5x15_split_checker,
          nzn_winding_woodlands_5x15_zeroes, nzn_winding_woodlands_5x15_eye,
          nzn_winding_woodlands_15x15_thick_spiral], layout_rooms,
          library_closet
D:13:     layout_loops_ring, david_vaults_5, serial_undead, serial_undead_e,
          serial_undead_c, serial_undead_f, serial_undead_b, serial_undead_c,
          nicolae_specific_store, st_stairs_10
D:14:     layout_irregular_city, gammafunk_ghost_grave, skrybe_limestone_x,
          hangedman_aviary
D:15:     grunt_enter_depths_giant_problem, layout_basic, serial_bayou_pond_a,
          gauntlet_entry_generic, uniq_azrael, uniq_josephine
Temple:   nicolae_temple_two_arcs
Lair:1:   layout_chaotic_city, grunt_megastairs_5, lemuel_fruit_tree,
          uniq_gastronok, uniq_grum
Lair:2:   layout_regular_city, minmay_shoals_entry_beasts,
          nicolae_snake_entry_squirm
Lair:3:   layout_gridlike, wad_woods_river_02, lemuel_oklob_altar, uniq_amaemon
Lair:4:   layout_gridlike, serial_bayou_lake_a, serial_bayou_shore_a
Lair:5:   cheibrodos_lair_end_hotspot, layout_regular_city, slime_entry_2,
          gammafunk_ghost_berserking_beasts, basic_altar
Shoals:1: layout_shoals
Shoals:2: layout_shoals, uniq_louise
Shoals:3: cheibrodos_shoals_epimethial_gifts, layout_shoals, uniq_mlioglotl,
          uniq_aizul
Shoals:4: shoals_end_hellmonk_storm_palace [storm_palace_center_circular,
          storm_palace_corner_grid, storm_palace_corner_grid,
          storm_palace_corner_altar, storm_palace_corner_altar]
Snake:1:  layout_grid_maze, uniq_agnes
Snake:2:  layout_chambers, nicolae_integral_box
Snake:3:  layout_chambers, nicolae_large_snake_swirl, serial_bayou_shore_b,
          grunt_megastairs_3
Snake:4:  grunt_snake_rune_spirals, layout_onion, serial_shops, shop_statue
Slime:1:  layout_caves
Slime:2:  layout_caves
Slime:3:  layout_caves, nicolae_slime_welcoming_committee
Slime:4:  layout_caves, cheibrodos_slime_lost_civilization_7
Slime:5
Orc:1:    layout_diamond_mine, uniq_snorg, uniq_jorgrun
Orc:2:    kennysheep_orc_mage_school, layout_caves, serial_shops,
          nicolae_shop_trees, nicolae_shop_clearance
Elf:1:    eino_elf_arrival_shootout, layout_loops_cross, minmay_elf_sorcery
Elf:2:    nicolae_elf_blades_crystal_corner, layout_rooms,
          ebering_ghost_rock_garden, serial_shops, shop, uniq_saint_roka
Elf:3:    minmay_elf_hall_not_hex, layout_geoelf_octagon,
          statue_in_the_mist_lemuel
Vaults:1: v_misc_17, nicolae_vaults_network_periphery, vaults_dpeg_hooks,
          vaults_room_pools, ontoclasm_vaults_bender, vaults_room_corners,
          vaults_dpeg_emergency_exit, vaults_room_semicircle,
          hangedman_vaults_trim, layout_vaults_chaotic_city
Vaults:2: nicolae_vaults_mini_display_case, ontoclasm_vaults_loading_screen,
          nicolae_vaults_branching_niches, nicolae_vaults_rhombus_7, v_misc_27,
          v_alt_pattern_6, ontoclasm_vaults_gateway,
          minmay_crypt_entry_necro_gods, vaults_room_pools,
          nicolae_vaults_little_squares_5, v_misc_10,
          nicolae_vaults_little_squares_4, vaults_dpeg_ring,
          layout_vaults_omnibox
Vaults:3: portal_desolation_entry_nicolae_slug, grunt_vaults_twisty,
          hangedman_vaults_nodes, ontoclasm_vaults_echo, v_misc_1,
          vaults_room_octagon, hangedman_vaults_slither,
          ontoclasm_vaults_claustrophobia, nicolae_vaults_little_squares_5,
          v_pattern_5, vaults_room_pool, vaults_room_fours,
          nicolae_vaults_diagonal_hallway_7, nicolae_vaults_little_squares_3,
          layout_vaults_omnicross, serial_shops, bzr_in_the_mist
Vaults:4: v_misc_28, hangedman_vaults_stagger, v_misc_32, ontoclasm_vaults_eye,
          hangedman_vaults_stitches, vaults_standard_mumra_lines,
          vaults_mumra_chevron, ontoclasm_vaults_ring_large,
          hangedman_vaults_stretched_pinwheel,
          hangedman_vaults_stretched_pinwheel, layout_vaults_ring, uniq_mennas,
          uniq_frederick, uniq_donald
Vaults:5
Crypt:1:  layout_rooms
Crypt:2:  layout_regular_city
Crypt:3:  church_of_pain_bobbens, layout_chaotic_city, tomb_entry_shell_bobbens,
          gammafunk_ghost_cemetery, serial_sigils_hangedman_confine,
          st_burial_chamber
Depths:1: layout_gridville, pf_hell_entry_great_geh,
          nicolae_qazlal_general_emergency
Depths:2: hellmonk_ruined_rings, layout_basic, enter_ziggurat_a,
          abyss_entry_small_statue_room, grunt_mini_vestibule,
          serial_bayou_pond_b, pan_entry, gammafunk_ghost_tricky_traps, uniq_vv
Depths:3: minmay_broken_ring, layout_cave_shapes, minmay_room_of_horrors,
          hell_entry, nicolae_trove_entry_columns, nzn_wu_jian_council_hall,
          minmay_shop_grove
Depths:4: evilmike_zot_entry_gauntlet, layout_gridville, hell_entry,
          hangedman_decor_opposing
Zot:1:    gammafunk_its_a_trap, layout_misc_corridors,
          hangedman_zot_decor_scrapings, nicolae_transmutations_shop,
          kennysheep_underground_church
Zot:2:    layout_basic
Zot:3:    layout_misc_corridors
Zot:4:    ebering_greatest_show_in_zot, layout_twisted_circle
Zot:5:    layout_gridlike, st_stairs_13, skrybe_zot_glass_3

Skill      XL: |  1  2  3  4  5  6  7  8  9 10 11 12 13 14 15 16 17 18 19 20 21 22 23 24 25 26 |
---------------+-------------------------------------------------------------------------------+-----
Fighting       | 2 3 4 5 6 7 8 9 10 11 12 13 14 15 16 17 18 | 18.6
Dodging        | 2 3 4 5 6 7 9 10 11 12 | 12.7
Unarmed Combat | 4 5 6 7 9 11 12 14 15 17 19 20 21 22 23 24 | 24.2
Translocations | 2 4 5 |  5.0
Throwing       | 3 6 9 10 12 13 14 15 16 17 | 17.3
Shields        | 7 9 10 12 13 14 | 14.3
Armour         | 4 |  4.9
Earth Magic    | 8 12 15 17 18 | 18.2
Transmutations | 7 10 13 14 15 | 15.5
Spellcasting   | |  1.2
Conjurations   | |  2.1

Action                     |  1- 3 |  4- 6 |  7- 9 | 10-12 | 13-15 | 16-18 | 19-21 | 22-24 | 25-27 || total
---------------------------+-------+-------+-------+-------+-------+-------+-------+-------+-------++-------
  Melee: Unarmed           |   111 |   156 |   247 |   453 |  1244 |  1429 |  1505 |  1865 |   852 ||  7862
         Punch             |     3 |     3 |     6 |    44 |   132 |     8 |       |       |       ||   196
         Dagger            |       |       |     2 |       |       |       |       |       |       ||     2
         Staff             |       |       |       |       |       |       |       |       |   104 ||   104
  Throw: Dart              |       |     3 |     1 |    43 |    21 |       |       |       |       ||    68
         Large rock        |       |       |       |       |    13 |    56 |   151 |   144 |   110 ||   474
         Javelin           |       |       |       |       |       |       |       |       |     9 ||     9
   Cast: Kiss of Death     |       |       |     1 |       |     1 |       |       |       |       ||     2
         Blink             |       |       |       |    14 |     4 |     1 |     2 |     4 |       ||    25
         Statue Form       |       |       |       |       |       |       |       |    12 |   145 ||   157
         Apportation       |       |       |       |       |       |       |       |       |     4 ||     4
         Passwall          |       |       |       |       |       |       |       |       |     4 ||     4
 Invoke: Serpent's Lash    |       |       |       |     8 |    36 |    27 |    37 |    43 |    34 ||   185
         Heavenly Storm    |       |       |       |       |       |       |       |     1 |       ||     1
Ability: Lunge             |       |     6 |    45 |    72 |   198 |   225 |   184 |   220 |   106 ||  1056
         Whirlwind         |       |       |     2 |    16 |    54 |    72 |    81 |   254 |   142 ||   621
         Wall Jump         |       |       |       |     1 |       |       |     1 |     2 |       ||     4
         End Transformatio |       |       |       |       |       |       |       |       |     2 ||     2
  Evoke: Wand              |       |       |     2 |       |    10 |     2 |     1 |     2 |     3 ||    20
         Box of beasts     |       |       |       |       |     2 |     1 |       |       |       ||     3
    Use: Scroll            |       |     4 |     6 |     5 |    20 |     5 |     5 |    12 |    22 ||    79
         Potion            |       |       |     6 |       |     4 |       |    12 |     4 |    17 ||    43
   Stab: Fleeing           |       |       |       |       |       |     1 |       |       |       ||     1
         Paralysed         |       |       |       |       |       |     2 |       |       |       ||     2
         Distracted        |       |       |       |       |       |       |       |     3 |     3 ||     6
         Sleeping          |       |       |       |       |       |       |       |       |     4 ||     4
 Armour: Robe              |    40 |    29 |    35 |       |       |       |       |       |       ||   104
         Steam dragon scal |       |       |     8 |    66 |    65 |       |       |       |       ||   139
         Animal skin       |       |       |       |       |   214 |   154 |   168 |    12 |    31 ||   579
         Storm dragon scal |       |       |       |       |       |       |    14 |   158 |       ||   172
         Skin              |       |       |       |       |       |       |       |   119 |   329 ||   448
         Fire dragon scale |       |       |       |       |       |       |       |    74 |       ||    74
  Dodge: Dodged            |    47 |    69 |   116 |   177 |   543 |   286 |   249 |   435 |   520 ||  2442
  Block: Kite shield       |       |       |       |       |       |   233 |       |       |       ||   233
         Tower shield      |       |       |       |       |       |   336 |   905 |  1321 |   865 ||  3427

Table legend: (Time is in decaauts)
 A = Elapsed time spent in this place.
 B = Non-inter-level travel time spent in this place.
 C = Inter-level travel time spent in this place.
 D = Time resting spent in this place.
 E = Time spent auto-exploring this place.
 F = Levels seen in this place.
 G = Mean time per level.
                   A        B        C        D        E       F      G
               +--------+--------+--------+--------+--------+-----+--------+
         Total |  93227 |  74900 |  18327 |  10550 |  36242 |  60 | 1553.8 |
       Dungeon |  20406 |  15431 |   4975 |   2040 |   8412 |  15 | 1360.4 |
        Temple |    144 |    133 |     11 |     14 |    106 |   1 |  144.0 |
          Lair |   9531 |   7524 |   2007 |    881 |   4433 |   5 | 1906.2 |
        Shoals |   6003 |   5589 |    414 |    767 |   2785 |   4 | 1500.8 |
     Snake Pit |   8056 |   7614 |    442 |    648 |   4609 |   4 | 2014.0 |
    Slime Pits |   4103 |   3081 |   1022 |    948 |    167 |   5 |  820.6 |
  Orcish Mines |   2494 |   1801 |    693 |    222 |    987 |   2 | 1247.0 |
   Elven Halls |   5655 |   4741 |    914 |   1167 |   2221 |   3 | 1885.0 |
        Vaults |  11522 |   9055 |   2467 |   1053 |   4642 |   5 | 2304.4 |
         Crypt |   4438 |   3751 |    687 |    412 |   1926 |   3 | 1479.3 |
        Depths |   7246 |   5370 |   1876 |    691 |   2665 |   4 | 1811.5 |
           Zot |  11277 |   8462 |   2815 |   1490 |   2919 |   5 | 2255.4 |
        Bazaar |     64 |     64 |      0 |      0 |     27 |   1 |   64.0 |
         Trove |     61 |     61 |      0 |      0 |      0 |   1 |   61.0 |
    Desolation |   1506 |   1506 |      0 |    211 |     95 |   1 | 1506.0 |
      Gauntlet |    714 |    714 |      0 |      2 |    248 |   1 |  714.0 |
               +--------+--------+--------+--------+--------+-----+--------+

Top non-repeatable levels by time:
   Zot:5: 3666 daAuts
 Snake:4: 3342 daAuts
Vaults:1: 2707 daAuts
     D:7: 2675 daAuts
Vaults:4: 2537 daAuts
   Zot:4: 2511 daAuts
  Lair:5: 2463 daAuts
Vaults:2: 2310 daAuts
 Crypt:3: 2305 daAuts
   Elf:3: 2248 daAuts
    D:14: 2164 daAuts
  Lair:4: 2148 daAuts
   Zot:3: 2048 daAuts
 Snake:3: 2021 daAuts
    D:15: 2011 daAuts
